 Dungeon Crawl Stone Soup version 0.19.5 (webtiles) character file.

267 Wander the Chopper (level 6, -3/47 HPs)
             Began as a Human Wanderer on Apr 1, 2017.
             Slain by Duvessa
             ... wielding a +0 rapier
              (9 damage)
             ... on level 5 of the Dungeon.
             The game lasted 00:06:48 (3300 turns).

Wander the Chopper (Human Wanderer)                 Turns: 3300, Time: 00:06:48

Health: -3/47      AC:  3    Str: 15    XL:     6   Next: 45%
Magic:  6/6        EV: 18    Int: 14    God:    Xom [..*...]
Gold:   236        SH:  0    Dex: 10    Spells: 0 memorised, 5 levels left

rFire  . . .     SeeInvis .     i - +1 hand axe (distort)
rCold  . . .     Gourm    .     e - +0 robe
rNeg   . . .     Faith    .     (no shield)
rPois  .         Spirit   .     z - +1 hat
rElec  .         Reflect  .     (no cloak)
rCorr  .         Harm     .     (no gloves)
MR     .....     Rnd*Tele +     (no boots)
Stlth  ++........               (no amulet)
                                k - ring of teleportation (curse)
                                s - +5 ring of evasion

@: no status effects
A: no striking features
a: Renounce Religion


You were on level 5 of the Dungeon.
You worshipped Xom.
You were a toy of Xom.
You were near starving.

You visited 2 branches of the dungeon, and saw 6 of its levels.

You collected 236 gold pieces.

Inventory:

Hand Weapons
 a - a +2 dagger
 d - a +0 mace
 i - a +1 hand axe of distortion (weapon)
 o - a +2 dagger of protection
Armour
 e - a +0 robe (worn)
 z - a +1 hat (worn)
Jewellery
 k - a cursed ring of teleportation (right hand)
 s - a +5 ring of evasion (left hand)
 u - an uncursed ring of resist corrosion {unknown}
 v - a cursed ring of loudness {unknown}
Scrolls
 b - 2 scrolls of blinking
 j - a scroll of enchant armour {unknown}
 p - 2 scrolls of teleportation
 w - a scroll of remove curse {unknown}
 y - a scroll of amnesia {unknown}
Potions
 c - 4 potions of curing
 g - a potion of berserk rage
 h - a potion of brilliance
 l - a potion of flight {unknown}
 m - a potion of lignification {unknown}
 q - 3 potions of heal wounds
 r - a potion of ambrosia {unknown}
 t - a potion of cure mutation {unknown}
 B - a potion of degeneration {unknown}
 C - a potion of might {unknown}
Comestibles
 f - 5 bread rations
 n - a meat ration
 x - 2 fruits


   Skills:
 - Level 3.0 Fighting
 - Level 1.0(1.2) Short Blades
   Level 1.0(1.2) Long Blades
 + Level 4.2(4.3) Axes
 - Level 1.0(2.8) Maces & Flails
 + Level 3.6 Dodging
 - Level 3.0 Stealth
   Level 1.0 Shields
   Level 1.0 Evocations


You had 5 spell levels left.
You didn't know any spells.

Dungeon Overview and Level Annotations

Branches:
Dungeon (5/15)             Temple (1/1) D:4

Altars:
Ashenzari
Cheibriados
Dithmenos
Elyvilon
Fedhas
Gozag
Hepliaklqana
Kikubaaqudgha
Makhleb
Nemelex Xobeh
Qazlal
Ru
Sif Muna
Trog
Uskayaw
Xom
Yredelemnul
Zin
The Shining One

Shops:
D:5 %

Annotations:
D:5 Dowan, Duvessa


Message History

Duvessa barely misses you.
Dowan gestures wildly while chanting.
Dowan blinks!
Duvessa barely misses you. Duvessa hits you with a rapier.
* * * LOW HITPOINT WARNING * * *
There is a stone staircase leading down here.
You are near starving!
Dowan casts a spell.
Dowan blinks!
Duvessa hits you but does no damage.
Xom smirks.
You detect nothing.
Duvessa misses you. Duvessa hits you with a rapier.
* * * LOW HITPOINT WARNING * * *
There is a stone staircase leading up here.
Duvessa closely misses you. Duvessa hits you with a rapier!
You die...
Xom chortles!

### ###### ..#
#....# ..# #.#.##
..###########Y.e@#
..'.....>e......##
..###############
..# ...# ...# ...#
...# ...#


You could see Duvessa, an ice beast and Dowan.

Vanquished Creatures
  A howler monkey (D:4)
  2 centaur skeletons
  2 worker ants (D:4)
  A gnoll (D:4)
  5 adders
  An ooze (D:3)
  2 worms
  A dart slug (D:1)
  A leopard gecko (D:2)
  3 orcs (D:3)
  2 bats
  A giant cockroach (D:1)
  6 goblins
  10 hobgoblins
  5 quokkas
  7 frilled lizards
  4 kobolds
  A rat (D:1)
  A butterfly (D:4)
56 creatures vanquished.

Vanquished Creatures (others)
  A gnoll (D:4)
1 creature vanquished.

Grand Total: 57 creatures vanquished

Notes
Turn   | Place    | Note
-------+----------+-------------------------------------------
     0 | D:1      | Wander the Human Wanderer began the quest for the Orb.
     0 | D:1      | Wander set off with: a +2 dagger, a scroll of blinking, a potion of curing, a +0 mace, a +0 robe, a bread ration
     0 | D:1      | Reached XP level 1. HP: 18/18 MP: 1/1
   143 | D:1      | Reached skill level 1 in Short Blades
   275 | D:1      | Reached XP level 2. HP: 24/24 MP: 2/2
   293 | D:1      | Reached skill level 1 in Axes
   851 | D:2      | Reached skill level 2 in Axes
   851 | D:2      | Reached XP level 3. HP: 29/29 MP: 3/3
   855 | D:2      | Found a basalt altar of Yredelemnul.
  1093 | D:2      | Found a faded altar of an unknown god.
  1182 | D:2      | You fall through a shaft!
  1186 | D:3      | Reached skill level 1 in Dodging
  1512 | D:3      | Reached XP level 4. HP: 35/35 MP: 4/4
  1698 | D:3      | Found a stormy altar of Qazlal.
  2007 | D:4      | Reached XP level 5. HP: 41/41 MP: 5/5
  2016 | D:4      | HP: 1/41 [gnoll/spear (5)]
  2348 | D:4      | Found a stormy altar of Qazlal.
  2388 | D:4      | Reached skill level 3 in Axes
  2438 | D:4      | Reached XP level 6. HP: 28/47 MP: 6/6
  2796 | D:4      | Found a staircase to the Ecumenical Temple.
  2804 | Temple   | Entered the Ecumenical Temple
  2898 | Temple   | Became a worshipper of Xom of Chaos
  3071 | D:4      | XOM: harmless Tloc miscast
  3074 | D:4      | Reached skill level 4 in Axes
  3257 | D:5      | Entered Level 5 of the Dungeon
  3273 | D:5      | Noticed Duvessa
  3274 | D:5      | Noticed Dowan
  3275 | D:5      | Found Ihanidde's Food Emporium.
  3276 | D:5      | Noticed an ice beast
  3277 | D:5      | XOM: divination: magic mapping
  3279 | D:5      | XOM: harmless Necr miscast
  3294 | D:5      | XOM: divination: detect items
  3300 | D:5      | Slain by Duvessa

Skill      XL: |  1  2  3  4  5  6 |
---------------+-------------------+-----
Short Blades   | 1 |  1.0
Axes           | 2 3 4 |  4.2
Dodging        | 1 3 |  3.6
Fighting       | |  3.0
Long Blades    | |  1.0
Maces & Flails | |  1.0
Stealth        | |  3.0
Shields        | |  1.0
Evocations     | |  1.0

Action                   |  1- 3 |  4- 6 || total
-------------------------+-------+-------++-------
Melee: Hand axe          |    67 |   104 ||   171
       Dagger            |     2 |       ||     2
  Use: Scroll            |     3 |     1 ||     4
 Stab: Sleeping          |     6 |     3 ||     9
       Distracted        |       |     1 ||     1
  Eat: Chunk             |     2 |     4 ||     6
Armor: Robe              |    11 |     7 ||    18
Dodge: Dodged            |    46 |    97 ||   143
